 Dungeon Sprint DCSS version 0.30.1-11-g7821555f0a (webtiles) character file.

Game seed: 7158216149503976373

65 Groucho the Sneak (level 3, 0/19 HPs)
             Began as a Spriggan Enchanter on Dec 20, 2023.
             Slain by a scorpion (7 damage)
             ... in the Dungeon (Sprint II: "The Violet Keep of Menkaure").
             The game lasted 00:01:05 (75 turns).

Groucho the Sneak (Spriggan Enchanter)                Turns: 75, Time: 00:01:06

Health: 0/19       AC:  2    Str:  4    XL:     3   Next: 92%
Magic:  7/10       EV: 19    Int: 18    God:
Gold:   243        SH:  0    Dex: 15    Spells: 11/11 levels left

rFire   . . .        a - +1 dagger
rCold   . . .        (no shield)
rNeg    . . .        b - +0 robe
rPois   .            (helmet restricted)
rElec   .            (no cloak)
rCorr   .            (gloves unavailable)
SInv    +            (boots unavailable)
Will    .....        (no amulet)
Stlth   +++          (no ring)
HPRegen 0.23/turn    (no ring)
MPRegen 0.12/turn

%: no teleportation
@: very quick
A: very small, no large weapons, unfitting armour, see invisible, speed 3
a: no special abilities


You were in the Dungeon.
You visited 1 branch You collected 243 gold pieces.

Inventory:

Hand Weapons
 a - a +1 dagger (weapon)
Armour
 b - a +0 robe (worn)
Potions
 c - a potion of invisibility
 d - a potion of curing
 e - a potion of heal wounds
 g - 2 potions of magic
 h - a potion of berserk rage


   Skills:
 + Level 2.3 Fighting
 + Level 3.4 Short Blades
 - Level 5.0 Dodging
 + Level 6.6 Stealth
 + Level 4.6 Spellcasting
 - Level 5.0 Hexes


You had 11 spell levels left.
You didn't know any spells.
Your spell library contained the following spells:

 Spells                   Type           Power      Damage    Failure   Level
 Confusing Touch          Hex            22%        N/A       5%          3
 Tukima's Dance           Hex            22%        N/A       5%          3
 Ensorcelled Hibernation  Hex/Ice        26%        N/A       8%          2
 Dazzling Flash           Conj/Hex       26%        N/A       16%         3


Dungeon Overview and Level Annotations

Branches:
Dungeon (1/1)

Altars:


Innate Abilities, Weirdness & Mutations

You are very small and have problems with some larger weapons.
You are too small for most types of armour.
You have supernaturally acute eyesight. (SInv)
You cover ground extremely quickly. (Speed+++)


Message History

The scorpion is moderately wounded.
You hit the scorpion but do no damage.
The scorpion is moderately wounded.
The scorpion stings you.
Unknown command.
Unknown command.
Unknown command.
You hit the scorpion but do no damage.
The scorpion is moderately wounded.
The scorpion completely misses you.
Unknown command.
You barely miss the scorpion.
The scorpion is moderately wounded.
You feel yourself slow down.
Unknown command.
You hit the scorpion but do no damage.
The scorpion is moderately wounded.
The scorpion barely misses you.
Unknown command.
You hit the scorpion but do no damage.
The scorpion is moderately wounded.
The scorpion stings you.
Unknown command.
You hit the scorpion but do no damage.
The scorpion is moderately wounded.
The scorpion closely misses you.
Unknown command.
You closely miss the scorpion.
The scorpion is moderately wounded.
The scorpion closely misses you.
Unknown command.
Unknown command.
You hit the scorpion but do no damage.
The scorpion is moderately wounded.
The scorpion stings you but does no damage.
Unknown command.
You hit the scorpion but do no damage.
The scorpion is moderately wounded.
The scorpion stings you!
You die...

## ## ##.
$## .B B.
.#. ##
#+# s##
##.###..#
+.<@ss##+
##.###s.#
##'# #.##
#.†# ###
#..## ##.
##


You could see 3 scorpions.

Vanquished Creatures
  A scorpion (D)
  2 worms (D)
3 creatures vanquished.

Notes
Turn   | Place    | Note
-------+----------+-------------------------------------------
     0 | D        | Groucho the Spriggan Enchanter began the quest for the Orb.
     0 | D        | Reached XP level 1. HP: 9/9 MP: 5/5
     3 | D        | Noticed a boulder beetle
     3 | D        | Noticed a boulder beetle
     6 | D        | Noticed a scorpion
     6 | D        | Noticed a scorpion
    37 | D        | Reached skill level 1 in Fighting
    37 | D        | Reached skill level 5 in Stealth
    49 | D        | Killed a scorpion
    50 | D        | Reached skill level 5 in Dodging
    50 | D        | Reached skill level 6 in Stealth
    50 | D        | Reached skill level 5 in Hexes
    50 | D        | Reached XP level 2. HP: 16/16 MP: 5/8
    50 | D        | Reached XP level 3. HP: 19/19 MP: 6/10
    50 | D        | Noticed a scorpion
    50 | D        | Noticed a scorpion
    75 | D        | Slain by a scorpion

Illustrated notes

Levels and vault maps discovered:
D:        the_violet_keep_of_menkaure [sprint2_stairs_cluster_1,
          sprint2_shoproom, sprint2_temple, sprint2_basic_supplies,
          sprint2_obstacle_7, sprint2_obstacle_2, sprint2_obstacle_5,
          sprint2_obstacle_3, sprint2_obstacle_4, sprint2_timed_cluster_1,
          sprint2_smallroom_cluster_1, sprint2_smallroom_final_cluster_1,
          sprint2_transparent_cluster_1, sprint2_second_timed_cluster_1,
          sprint2_sniper_area_1, sprint2_heavy_combat_area_1,
          sprint2_mutation_trap_area_1, sprint2_forest_area_1,
          sprint2_light_combat_area_1, sprint2_behind_water_1,
          sprint2_near_end_vault_1]

Skill      XL: |  1 |
---------------+----+-----
Dodging        | 5 |  5.0
Spellcasting   | 4 |  4.6
Fighting       | 2 |  2.3
Stealth        | 6 |  6.6
Hexes          | 5 |  5.0
Short Blades   | 3 |  3.4

Action                     || total
---------------------------++-------
  Melee: Dagger            ||    55
         Punch             ||     1
    Use: Potion            ||     2
         Scroll            ||     1
   Stab: Invisible         ||     3
 Armour: Robe              ||     1
  Dodge: Dodged            ||    27
